 Dungeon Crawl Stone Soup version 0.21.0 (webtiles) character file.

66 BrokenGlass the Ruffian (level 4, -3/31 HPs)
             Began as an Octopode Fighter on Jan 8, 2018.
             Slain by Grinder (10 damage)
             ... on level 3 of the Dungeon.
             The game lasted 00:01:56 (1697 turns).

BrokenGlass the Ruffian (Octopode Fighter)          Turns: 1697, Time: 00:01:56

Health: -3/31      AC:  1    Str: 21    XL:     4   Next: 15%
Magic:  4/4        EV: 10    Int: 10    God:
Gold:   122        SH:  0    Dex: 11    Spells: 3/3 levels left

rFire    . . .     SeeInvis .     - Unarmed
rCold    . . .     Gourm    .   (no shield)
rNeg     . . .     Faith    .   (helmet restricted)
rPois    .         Spirit   .   (no amulet)
rElec    .         Reflect  .   g - -4 ring of evasion (curse)
rCorr    .         Harm     .   e - ring of loudness (curse)
MR       .....                  (no ring)
Stlth    +.........             (no ring)
HPRegen  0.10/turn              (no ring)
MPRegen  0.09/turn              (no ring)
                                (no ring)
                                (no ring)

@: mighty
A: almost no armour, stealthy swim, amphibious, 8 rings, constrict 8, camouflage
1, gelatinous body 1
a: no special abilities


You were on level 3 of the Dungeon.
You were very hungry.

You visited 1 branch of the dungeon, and saw 3 of its levels.

You collected 122 gold pieces.

Inventory:

Armour
 a - a +0 shield
Jewellery
 e - a cursed ring of loudness (right tentacle)
 g - a cursed -4 ring of evasion (left tentacle)
Potions
 b - a potion of might
 d - a potion of mutation {unknown}
 f - a potion of heal wounds
 i - a potion of curing {unknown}
Comestibles
 c - 9 rations


   Skills:
 - Level 3.0 Fighting
 - Level 3.0 Dodging
 - Level 3.0 Shields
 + Level 4.3 Unarmed Combat


You had 3 spell levels left.
You didn't know any spells.

Dungeon Overview and Level Annotations

Branches:
Dungeon (3/15)

Altars:

Annotations:
D:3 Grinder


Innate Abilities, Weirdness & Mutations

You cannot wear most types of armour.
You are very stealthy in the water. (Stealth+)
You are amphibious.
You can wear up to eight rings at the same time.
You can use your tentacles to constrict eight enemies at once.
Your skin changes colour to match your surroundings (Stealth+).
Your rubbery body absorbs attacks. (AC +1, EV +1)


Message History

Grinder says, "Mostly I couldn't keep them alive."
Grinder drinks a potion.
Grinder flickers and vanishes!
Deactivating autopickup; reactivate with Ctrl-A.
Unknown command.
You aren't carrying any spellbooks or scrolls.
Unknown command.
You feel very mighty all of a sudden.
You suddenly lose the ability to move!
Something hits you.
Something tries to affect you, but you resist.
Something hits you.
You writhe in agony.
Something hits you!
* * * LOW HITPOINT WARNING * * *
You writhe in agony.
* * * LOW HITPOINT WARNING * * *
You can move again.
You bludgeon something! You squeeze something!
You shrug off the repeated paralysis!
You closely miss something. Something hits you!
You die...

# #. ##.#
##...#
##.....## #
#.......#.#
.......@..#
.(.....{..#
.........##
#.......##
.......##
###...#
####


There were no monsters in sight!

Vanquished Creatures
  2 adders (D:2)
  An ooze (D:2)
  A worm (D:2)
  2 dart slugs
  4 giant cockroaches
  2 goblins (D:1)
  3 hobgoblins
  6 jackals (D:2)
  2 ball pythons
  6 bats
  3 frilled lizards (D:2)
  3 kobolds
  3 rats
38 creatures vanquished.

Notes
Turn   | Place    | Note
-------+----------+-------------------------------------------
     0 | D:1      | BrokenGlass the Octopode Fighter began the quest for the Orb.
     0 | D:1      | Reached XP level 1. HP: 16/16 MP: 1/1
   240 | D:1      | Reached XP level 2. HP: 19/21 MP: 2/2
   345 | D:1      | Reached skill level 3 in Unarmed Combat
   467 | D:2      | Reached XP level 3. HP: 16/26 MP: 3/3
   775 | D:2      | Found a faded altar of an unknown god.
  1012 | D:2      | Reached skill level 4 in Unarmed Combat
  1261 | D:2      | Reached XP level 4. HP: 29/31 MP: 4/4
  1687 | D:3      | Noticed Grinder
  1691 | D:3      | Paralysed by something for 5 turns
  1697 | D:3      | Slain by Grinder

Skill      XL: |  1  2  3 |
---------------+----------+-----
Unarmed Combat | 3 4 |  4.3
Fighting       | |  3.0
Dodging        | |  3.0
Shields        | |  3.0

Action                   |  1- 3 |  4- 6 || total
-------------------------+-------+-------++-------
Melee: Unarmed           |    69 |    15 ||    84
       Constrict         |    22 |       ||    22
       Tentacles         |    11 |     2 ||    13
       Punch             |     2 |     1 ||     3
  Use: Scroll            |     1 |       ||     1
       Potion            |       |     1 ||     1
 Stab: Sleeping          |     3 |       ||     3
  Eat: Chunk             |       |     1 ||     1
Armor: Skin              |     9 |       ||     9
Dodge: Dodged            |    41 |     4 ||    45
